 Dungeon Crawl Stone Soup version 0.30-a0-39-g42789b21ef (webtiles) character file.

Game seed: 2283044501055608575

3490 derpmorso the Blocker (level 10, -1/82 HPs)
             Began as a Gnoll Fighter on Aug 29, 2022.
             Was the Champion of Jiyva.
             Slain by a yak (3 damage)
             ... on level 8 of the Dungeon.
             The game lasted 00:52:14 (7048 turns).

derpmorso the Blocker (Gnoll Fighter)               Turns: 7048, Time: 00:52:14

Health: -1/82      AC: 10    Str: 17    XL:     10   Next: 7%
Magic:  17/17      EV:  9    Int:  8    God:    Jiyva [******]
Gold:   227        SH:  6    Dex: 14    Spells: 19/19 levels left

rFire   . . .      SeeInvis .    q - +0 flail (venom)
rCold   . . .      Faith    .    c - +0 buckler
rNeg    + . .      Spirit   .    w - +1 chain mail
rPois   .          Reflect  .    x - +2 hat
rElec   .          Harm     .    (no cloak)
rCorr   +          Rampage  .    (no gloves)
Will    .....                    (no boots)
Stlth   +.........               (no amulet)
HPRegen 1.83/turn                h - ring of flight
MPRegen 0.65/turn                g - ring of positive energy

@: flying
A: fangs 1, strong nose, distributed training, hooves 2, acidic bite, pseudopods
3, translucent skin 2, engulf
a: Renounce Religion, Oozemancy, Slimify


You were on level 8 of the Dungeon.
You worshipped Jiyva.
Jiyva was exalted by your worship.
You visited 1 branch of the dungeon, and saw 8 of its levels.

You collected 368 gold pieces.
You spent 141 gold pieces at shops.

Inventory:

Hand Weapons
 a - a +0 long sword
 d - a +0 giant spiked club
 e - a +2 falchion of draining
 k - a +1 mace of freezing
 q - a +0 flail of venom (weapon)
 r - a +0 spear
 s - a +2 dagger of holy wrath
 v - a +0 spear
 B - a +0 arbalest of freezing
 C - a +2 dagger of protection
 I - a +3 quarterstaff of chaos
 J - the +7 hammer of Desertification {pain, rC+ Stlth+}
   (You found it on level 7 of the Dungeon)

   In the hands of one skilled in necromantic magic, it inflicts extra damage on
   living creatures.
   rC:        It protects you from cold.
   Stlth:     It makes you more stealthy.
 L - a +0 battleaxe
Missiles
 u - 2 poisoned darts
 A - a throwing net (quivered)
Armour
 b - a +0 scale mail
 c - a +0 buckler (worn)
 j - a +0 pair of boots
 n - a +0 scale mail
 w - a +1 chain mail (worn)
 x - a +2 hat (worn)
 z - +0 steam dragon scales
 F - a +0 helmet
 H - a +0 cloak
Magical Staves
 t - a staff of earth
Jewellery
 g - a ring of positive energy (right hand)
 h - a ring of flight (left hand)
 E - a ring of willpower
Wands
 G - a wand of polymorph (8)
Scrolls
 i - 2 scrolls of torment
 l - a scroll of silence
 y - a scroll of fear {unknown}
 K - a scroll of immolation {unknown}
Potions
 f - 3 potions of degeneration
 m - 2 potions of flight
 o - a potion of mutation {unknown}
 p - a potion of curing
 D - a potion of attraction


   Skills:
 + Level 8.4 Fighting
 + Level 5.1 Short Blades
 + Level 6.9 Long Blades
 + Level 5.1 Axes
 + Level 5.1 Maces & Flails
 + Level 5.1 Polearms
 + Level 5.1 Staves
 + Level 5.1 Ranged Weapons
 + Level 5.1 Throwing
 + Level 8.4 Armour
 + Level 5.1 Dodging
 + Level 5.1 Stealth
 + Level 8.4 Shields
 + Level 5.1 Unarmed Combat
 + Level 5.1 Spellcasting
 + Level 4.2 Conjurations
 + Level 4.2 Hexes
 + Level 4.2 Summonings
 + Level 4.2 Necromancy
 + Level 4.2 Translocations
 + Level 4.2 Transmutations
 + Level 4.2 Fire Magic
 + Level 4.2 Ice Magic
 + Level 4.2 Air Magic
 + Level 4.2 Earth Magic
 + Level 4.2 Poison Magic
 + Level 5.6 Invocations
 + Level 5.1 Evocations


You had 19 spell levels left.
You didn't know any spells.
Your spell library was empty.

Dungeon Overview and Level Annotations

Branches:
Dungeon (8/15)             Temple (0/1) D:6            Lair (0/5) D:8

Altars:
Fedhas
Hepliaklqana
Kikubaaqudgha
Ru
Xom
Jiyva

Shops:
D:5 (   D:6 ?


Innate Abilities, Weirdness & Mutations

You have very sharp teeth.
Your uncanny sense of smell can sniff out nearby items.
Your experience applies equally to all skills.
You have hoof-like feet.
You have acidic saliva.
Armour fits poorly on your massive pseudopods.
Your translucent skin reduces your foes' accuracy. (Stealth+)
Your melee attacks may engulf your foes in ooze.


Message History

The yak is almost dead.
You closely miss the yak. Your kick misses the yak.
The yak is almost dead.
The yak gores you but does no damage. The yak closely misses you.
You hit the yak. You kick the yak, but do no damage. Your bite misses the yak.
The yak is almost dead.
The yak gores you but does no damage. The yak gores you!
* * * LOW HITPOINT WARNING * * *
You hit the yak but do no damage. You kick the yak.
You kill the yak!
You hit the yak but do no damage. Your kick misses the yak.
The yak is heavily wounded.
You hit the yak. You kick the yak. Your bite misses the yak.
The yak is severely wounded.
The yak gores you but does no damage.
You hit the yak. You kick the yak, but do no damage.
You bite the yak, but do no damage. You bludgeon the yak, but do no damage.
The yak is severely wounded.
The yak gores you!
* * * LOW HITPOINT WARNING * * *
The yak gores you.
* * * LOW HITPOINT WARNING * * *
You hit the yak but do no damage. You bludgeon the yak.
The yak is severely wounded.
The yak gores you.
* * * LOW HITPOINT WARNING * * *
The yak gores you but does no damage.
Your +2 dagger of holy wrath stops glowing.
Your +0 flail of venom begins to drip with poison!
q - a +0 flail of venom (weapon)
You barely miss the yak. You bludgeon the yak, but do no damage.
The yak is severely wounded.
You block the yak's attack. The yak gores you.
* * * LOW HITPOINT WARNING * * *
You hit the yak.
The yak is poisoned.
You kick the yak, but do no damage.
The yak is almost dead.
The yak gores you!
* * * LOW HITPOINT WARNING * * *
The yak gores you.
You die...

.P....P..P.#.......#.##.#
......PPP..#....####.##.#
>.P........#.##########.######
P........P.#.# #.....).....#
.P.P..PP.....# #.####.####.#
P...PP....#### ###)#...... #
..P......P# ##.#)#.##.##.#
...P..P..## #.Y#.#.#...#.#.#.
.........# #@YY...._.......
.P.P.....# ###.#.#...#.#.#
.........# #.#.##.##(#
.........# #.#......(#
.........# #.####Y####.#
..†......# #...........#
.........# ######.#######
.........# ##.......#
.........# #...$....#


You could see 3 yaks.

Vanquished Creatures
  2 yaks (D:8)
  2 steam dragons (D:7)
  A water moccasin (D:8)
  An orc warrior (D:7)
  2 sky beasts
  2 black bears
  2 ogres
  A phantom (D:4)
  A necrophage (D:6)
  4 scorpions
  11 bullfrogs
  5 wights (D:8)
  2 hounds
  Crazy Yiuf (D:7)
  5 orc priests
  2 gnoll boudas
  4 iguanas (D:5)
  Jessica (D:2)
  5 orc wizards
  10 adders
  8 gnolls
  A shadow imp (D:6)
  A white imp (D:6)
  3 ufetubi
  A worm (D:4)
  A dart slug (D:4)
  32 orcs
  8 bats
  7 giant cockroaches
  7 goblins
  7 hobgoblins
  5 jackals
  A kobold (D:4)
  2 quokkas (D:2)
  7 ball pythons
  4 frilled lizards
  9 rats
168 creatures vanquished.

Vanquished Creatures (collateral kills)
  An iguana (D:5)
1 creature vanquished.

Vanquished Creatures (others)
  An ogre (D:4)
  A wight (D:8)
  5 jellies
  An iguana (D:5)
  2 orc wizards
  2 adders (D:3)
  3 endoplasms
  9 orcs
  3 giant cockroaches
  A hobgoblin (D:1)
  2 jackals (D:2)
  2 kobolds
  5 ball pythons
  2 bats (D:1)
  A frilled lizard (D:2)
  30 fungi
  39 plants
109 creatures vanquished.

Grand Total: 278 creatures vanquished

Notes
Turn   | Place    | Note
-------+----------+-------------------------------------------
     0 | D:1      | derpmorso the Gnoll Fighter began the quest for the Orb.
     0 | D:1      | Reached XP level 1. HP: 23/23 MP: 1/1
    67 | D:1      | Reached XP level 2. HP: 29/29 MP: 2/2
   177 | D:1      | Found a faded altar of an unknown god.
   204 | D:1      | Prayed at the altar of an unknown god.
   204 | D:1      | Became a worshipper of Jiyva Jiycegh the Shapeless
   204 | D:1      | Reached * piety under Jiyva
   482 | D:1      | Reached XP level 3. HP: 35/35 MP: 3/3
   773 | D:2      | Reached ** piety under Jiyva
   829 | D:2      | Noticed Jessica
   841 | D:2      | Killed Jessica
   842 | D:2      | Reached skill level 1 in Short Blades
   842 | D:2      | Reached skill level 1 in Axes
   842 | D:2      | Reached skill level 1 in Maces & Flails
   842 | D:2      | Reached skill level 1 in Polearms
   842 | D:2      | Reached skill level 1 in Staves
   842 | D:2      | Reached skill level 1 in Ranged Weapons
   842 | D:2      | Reached skill level 1 in Throwing
   842 | D:2      | Reached skill level 1 in Dodging
   842 | D:2      | Reached skill level 1 in Stealth
   842 | D:2      | Reached skill level 1 in Unarmed Combat
   842 | D:2      | Reached skill level 1 in Spellcasting
   842 | D:2      | Reached skill level 1 in Invocations
   842 | D:2      | Reached skill level 1 in Evocations
   956 | D:2      | Reached XP level 4. HP: 41/41 MP: 5/5
  1281 | D:2      | Reached *** piety under Jiyva
  1354 | D:2      | Gained mutation: Your translucent skin slightly reduces
                  | your foes' accuracy. (Stealth+) [Jiyva's grace]
  1354 | D:2      | Gained mutation: Your translucent skin reduces your foes'
                  | accuracy. (Stealth+) [Jiyva's grace]
  1354 | D:2      | Gained mutation: Your transparent skin significantly
                  | reduces your foes' accuracy. (Stealth+) [Jiyva's grace]
  1354 | D:2      | Gained mutation: You have a pair of small horns on your
                  | head. [Jiyva's grace]
  1581 | D:3      | Reached skill level 1 in Conjurations
  1581 | D:3      | Reached skill level 1 in Hexes
  1581 | D:3      | Reached skill level 1 in Summonings
  1581 | D:3      | Reached skill level 1 in Necromancy
  1581 | D:3      | Reached skill level 1 in Translocations
  1581 | D:3      | Reached skill level 1 in Transmutations
  1581 | D:3      | Reached skill level 1 in Fire Magic
  1581 | D:3      | Reached skill level 1 in Ice Magic
  1581 | D:3      | Reached skill level 1 in Air Magic
  1581 | D:3      | Reached skill level 1 in Earth Magic
  1581 | D:3      | Reached skill level 1 in Poison Magic
  1644 | D:3      | Identified the +9 plate armour of Death's Door {Rampage
                  | Will- Regen+ Str-2}
  1883 | D:3      | Found a blossoming altar of Fedhas.
  2172 | D:4      | Reached **** piety under Jiyva
  2236 | D:4      | Noticed a bullfrog
  2249 | D:4      | Killed a bullfrog
  2250 | D:4      | Reached XP level 5. HP: 44/47 MP: 5/7
  2463 | D:4      | Noticed an ogre
  2463 | D:4      | Noticed a black bear
  2490 | D:4      | Reached XP level 6. HP: 53/53 MP: 8/8
  2496 | D:4      | Reached skill level 5 in Long Blades
  2977 | D:4      | Killed a black bear
  2978 | D:4      | Reached XP level 7. HP: 56/60 MP: 10/10
  3512 | D:5      | Entered Level 5 of the Dungeon
  3590 | D:5      | Reached ***** piety under Jiyva
  3765 | D:5      | Found a sand-covered staircase.
  3905 | D:5      | Lost mutation: You have a pair of small horns on your head.
                  | [Jiyva's grace]
  3905 | D:5      | Lost mutation: Your transparent skin significantly reduces
                  | your foes' accuracy. (Stealth+) [Jiyva's grace]
  3905 | D:5      | Gained mutation: You have acidic saliva. [Jiyva's grace]
  3905 | D:5      | Gained mutation: You have large cloven feet. [Jiyva's
                  | grace]
  3905 | D:5      | Gained mutation: You have hoof-like feet. [Jiyva's grace]
  3905 | D:5      | Gained mutation: You have hooves in place of feet. [Jiyva's
                  | grace]
  4295 | D:4      | Reached XP level 8. HP: 67/67 MP: 12/12
  4467 | D:5      | Found Qoes Ixeo's Weapon Emporium.
  4472 | D:5      | Bought a +0 arbalest of freezing for 141 gold pieces
  4953 | D:6      | Found a glowing drain.
  4968 | D:6      | Found Fawopnua's Magic Scroll Shoppe.
  5384 | D:6      | Found a staircase to the Ecumenical Temple.
  5945 | D:7      | Reached XP level 9. HP: 73/73 MP: 14/14
  5946 | D:7      | Reached ****** piety under Jiyva
  6400 | D:7      | Found a runed translucent door.
  6401 | D:7      | Noticed Crazy Yiuf
  6408 | D:7      | Killed Crazy Yiuf
  6417 | D:7      | Identified the +7 hammer of Desertification {pain, rC+
                  | Stlth+}
  6479 | D:7      | Found a hazy altar of Hepliaklqana.
  6479 | D:7      | Found a shimmering altar of Xom.
  6480 | D:7      | Found an ancient bone altar of Kikubaaqudgha.
  6765 | D:8      | Reached skill level 5 in Invocations
  6805 | D:8      | Found a staircase to the Lair.
  6807 | D:8      | Lost mutation: You have hooves in place of feet. [Jiyva's
                  | grace]
  6807 | D:8      | Gained mutation: Your melee attacks may engulf your foes in
                  | ooze. [Jiyva's grace]
  6807 | D:8      | Gained mutation: Armour fits poorly on your pseudopods.
                  | [Jiyva's grace]
  6807 | D:8      | Gained mutation: Armour fits poorly on your large
                  | pseudopods. [Jiyva's grace]
  6807 | D:8      | Gained mutation: Armour fits poorly on your massive
                  | pseudopods. [Jiyva's grace]
  6956 | D:8      | Found a sacrificial altar of Ru.
  7003 | D:8      | Reached skill level 5 in Short Blades
  7003 | D:8      | Reached skill level 5 in Axes
  7003 | D:8      | Reached skill level 5 in Maces & Flails
  7003 | D:8      | Reached skill level 5 in Polearms
  7003 | D:8      | Reached skill level 5 in Staves
  7003 | D:8      | Reached skill level 5 in Ranged Weapons
  7003 | D:8      | Reached skill level 5 in Throwing
  7003 | D:8      | Reached skill level 5 in Dodging
  7003 | D:8      | Reached skill level 5 in Stealth
  7003 | D:8      | Reached skill level 5 in Unarmed Combat
  7003 | D:8      | Reached skill level 5 in Spellcasting
  7003 | D:8      | Reached skill level 5 in Evocations
  7003 | D:8      | Reached XP level 10. HP: 80/81 MP: 17/17
  7048 | D:8      | HP: 2/82 [yak (10)]
  7048 | D:8      | Slain by a yak

Illustrated notes

Levels and vault maps discovered:
D:1:      dpeg_arrival_ratfight, layout_rooms,
          shapermc_ecumenical_altar_starsandcircs, corexii_leaking_fountain,
          minmay_indecisive_spiral
D:2:      wad_lake_hut, layout_basic, uniq_jessica
D:3:      layout_loops_cross, marbit_many_paths, grunt_ministairs_6
D:4:      layout_rooms, serial_co_window_serial, co_window_corner_a,
          co_window_cross_1, co_window_paths_b, co_window_of_opportunity_a,
          co_window_paths_b, co_window_paths_b, co_window_paths_b,
          co_window_corner_b, co_window_broadway_b, co_window_unsneaky_path_a,
          co_window_paths_c, co_window_cross_4, co_window_paths_c,
          co_window_paths_d, minmay_quantized
D:5:      layout_layer_cave, nicolae_ossuary_entry_ruins, serial_shops,
          nicolae_shop_stone
D:6:      layout_cave_pools, minmay_temple_entry_enclosed_plants, serial_shops,
          shop_scrolls, gup_sewer_entry_glass, serial_column_ruins,
          column_ruins_hut, column_ruins_columns_dead_end, column_ruins_grid_3,
          column_ruins_grid_2, column_ruins_columns_straight,
          column_ruins_open_small, column_ruins_open_tiny,
          column_ruins_columns_straight
D:7:      layout_loops_ring, minitemple, minmay_misc_feat_more_columns,
          uniq_crazy_yiuf_cottage
D:8:      layout_cave_pods, slow_altar_1, nicolae_ru_sacrificial_ziggurat,
          due_lair_maze_entry_diamond

Skill      XL: |  1  2  3  4  5  6  7  8  9 |
---------------+----------------------------+-----
Short Blades   | 1 2 3 5 |  5.1
Axes           | 1 2 3 5 |  5.1
Maces & Flails | 1 2 3 5 |  5.1
Polearms       | 1 2 3 5 |  5.1
Staves         | 1 2 3 5 |  5.1
Ranged Weapons | 1 2 3 5 |  5.1
Throwing       | 1 2 3 5 |  5.1
Dodging        | 1 2 3 5 |  5.1
Stealth        | 1 2 3 5 |  5.1
Unarmed Combat | 1 2 3 5 |  5.1
Spellcasting   | 1 2 3 5 |  5.1
Invocations    | 1 2 3 4 5 |  5.6
Evocations     | 1 2 3 5 |  5.1
Conjurations   | 1 2 3 4 |  4.2
Hexes          | 1 2 3 4 |  4.2
Summonings     | 1 2 3 4 |  4.2
Necromancy     | 1 2 3 4 |  4.2
Translocations | 1 2 3 4 |  4.2
Transmutations | 1 2 3 4 |  4.2
Fire Magic     | 1 2 3 4 |  4.2
Ice Magic      | 1 2 3 4 |  4.2
Air Magic      | 1 2 3 4 |  4.2
Earth Magic    | 1 2 3 4 |  4.2
Poison Magic   | 1 2 3 4 |  4.2
Long Blades    | 5 6 |  6.9
Fighting       | 7 8 |  8.4
Armour         | 7 8 |  8.4
Shields        | 7 8 |  8.4

Action                   |  1- 3 |  4- 6 |  7- 9 | 10-12 || total
-------------------------+-------+-------+-------+-------++-------
Melee: Long sword        |    70 |    28 |       |       ||    98
       Bite              |     3 |    15 |    38 |     8 ||    64
       Flail             |       |    94 |   271 |     2 ||   367
       Headbutt          |       |    17 |     5 |       ||    22
       Kick              |       |       |    91 |    14 ||   105
       Dagger            |       |       |    42 |    26 ||    68
       Pseudopods        |       |       |    10 |     8 ||    18
       Unarmed           |       |       |     2 |       ||     2
Throw: Dart              |       |       |     5 |       ||     5
       Throwing net      |       |       |     1 |       ||     1
  Use: Scroll            |     6 |     3 |     4 |       ||    13
       Potion            |       |       |     7 |     1 ||     8
 Stab: Sleeping          |       |     1 |     1 |       ||     2
Armor: Scale mail        |    54 |   105 |       |       ||   159
       Chain mail        |       |       |   271 |    20 ||   291
       Skin              |       |       |     1 |       ||     1
Dodge: Dodged            |    44 |    70 |   201 |    10 ||   325
Block: Buckler           |    21 |    42 |   162 |    10 ||   235

Table legend: (Time is in decaauts)
 A = Elapsed time spent in this place.
 B = Non-inter-level travel time spent in this place.
 C = Inter-level travel time spent in this place.
 D = Time resting spent in this place.
 E = Time spent auto-exploring this place.
 F = Levels seen in this place.
 G = Mean time per level.
                   A        B        C        D        E       F      G
               +--------+--------+--------+--------+--------+-----+--------+
         Total |   7187 |   5367 |   1820 |      0 |   3507 |   8 |  898.4 |
       Dungeon |   7187 |   5367 |   1820 |      0 |   3507 |   8 |  898.4 |
               +--------+--------+--------+--------+--------+-----+--------+

Top non-repeatable levels by time:
     D:5: 1538 daAuts
     D:4: 1409 daAuts
     D:2: 967 daAuts
     D:7: 891 daAuts
     D:6: 761 daAuts
     D:3: 653 daAuts
     D:1: 640 daAuts
     D:8: 325 daAuts
